 Dungeon Crawl Stone Soup version 0.27-a0-1332-g84bddb5ca7 (webtiles) character file.

Game seed: 15277712936394895892

1060 gruber the Quickloader (level 8, -4/63 HPs)
             Began as a Gnoll Hunter on June 25, 2021.
             Slain by a kobold brigand (9 damage)
             ... in a sewer.
             The game lasted 00:08:39 (7915 turns).

gruber the Quickloader (Gnoll Hunter)               Turns: 7915, Time: 00:08:39

Health: -4/63      AC:  4    Str: 13    XL:     8   Next: 27%
Magic:  12/12      EV: 14    Int: 10    God:
Gold:   195        SH:  0    Dex: 14    Spells: 13/13 levels left

rFire    . . .     SeeInvis .   v - +0 short sword (freeze)
rCold    . . .     Faith    .   (no shield)
rNeg     . . .     Spirit   .   c - +0 leather armour
rPois    .         Reflect  .   (no helmet)
rElec    .         Harm     .   (no cloak)
rCorr    .         Rampage  .   (no gloves)
Will     .....                  s - +0 pair of boots
Stlth    ++........             (no amulet)
HPRegen  0.20/turn              j - ring of wizardry
MPRegen  0.13/turn              (no ring)

@: no status effects
A: fangs 1, strong nose, distributed training
a: no special abilities


You were in a sewer.
You visited 1 branch of the dungeon, and saw 4 of its levels.
You also visited: Sewer.

You collected 195 gold pieces.

Inventory:

Hand Weapons
 a - a +1 hand crossbow
 o - a +0 lajatang
 q - a +1 vorpal falchion
 v - a +0 short sword of freezing (weapon)
Missiles
 d - 8 bolts
 p - a throwing net
 r - 37 poisoned darts (quivered)
 u - 2 curare-tipped darts
Armour
 c - a +0 leather armour (worn)
 s - a +0 pair of boots (worn)
Jewellery
 j - a ring of wizardry (left hand)
Scrolls
 f - 3 scrolls of identify {unknown}
 i - a scroll of magic mapping {unknown}
 k - a scroll of enchant weapon {unknown}
 m - 3 scrolls of enchant armour {unknown}
 n - a scroll of amnesia {unknown}
 t - a scroll of teleportation {unknown}
Potions
 b - a potion of magic {unknown}
 e - 3 potions of curing
 g - 2 potions of heal wounds {unknown}
 h - a potion of brilliance {unknown}
 l - a potion of lignification {unknown}


   Skills:
 + Level 5.6 Fighting
 + Level 3.1 Short Blades
 + Level 3.1 Long Blades
 + Level 3.1 Axes
 + Level 3.1 Maces & Flails
 + Level 3.1 Polearms
 + Level 3.1 Staves
 + Level 3.1 Slings
 + Level 3.1 Bows
 + Level 9.1 Crossbows
 + Level 3.1 Throwing
 + Level 3.1 Armour
 + Level 5.6 Dodging
 + Level 4.0 Stealth
 + Level 3.1 Shields
 + Level 3.1 Unarmed Combat
 + Level 3.1 Spellcasting
 + Level 2.5 Conjurations
 + Level 2.5 Hexes
 + Level 2.5 Summonings
 + Level 2.5 Necromancy
 + Level 2.5 Translocations
 + Level 2.5 Transmutations
 + Level 2.5 Fire Magic
 + Level 2.5 Ice Magic
 + Level 2.5 Air Magic
 + Level 2.5 Earth Magic
 + Level 2.5 Poison Magic
 + Level 3.4 Invocations
 + Level 3.1 Evocations


You had 13 spell levels left.
You didn't know any spells.
Your spell library contained the following spells:

 Spells                   Type           Power      Damage    Failure   Level
 Confusing Touch          Hex            6%         N/A       16%         3
 Gell's Gravitas          Tloc           3%         N/A       16%         3
 Petrify                  Tmut/Erth      6%         N/A       43%         4
 Metabolic Englaciation   Hex/Ice        3%         N/A       77%         5
 Yara's Violent Unravell  Hex/Tmut       3%         3d4       77%         5


Dungeon Overview and Level Annotations

Branches:
Dungeon (4/15)              Sewer (1/1)
 Temple: D:4-7

Altars:
Sif Muna

Shops:
D:1 =!


Innate Abilities, Weirdness & Mutations

You have very sharp teeth.
Your uncanny sense of smell can sniff out nearby items.
Your experience applies equally to all skills.


Message History

A kobold brigand is nearby!
You enter the shallow water.
Moving in this stuff is going to be slow.
You hit the kobold brigand but do no damage.
Your bite misses the kobold brigand.
The kobold brigand hits you with a +2 whip of electrocution!
You hit the kobold brigand but do no damage.
The kobold brigand misses you.
You hit the kobold brigand but do no damage.
The kobold brigand hits you with a +2 whip of electrocution.
You are electrocuted!
You barely miss the kobold brigand.
The kobold brigand hits you with a +2 whip of electrocution!
You hit the kobold brigand but do no damage.
You closely miss the kobold brigand. The kobold brigand barely misses you.
You closely miss the kobold brigand.
The kobold brigand splashes around in the water.
You hit the kobold brigand. You freeze the kobold brigand.
Your bite misses the kobold brigand.
The kobold brigand is lightly wounded.
The kobold brigand splashes around in the water.
You barely miss the kobold brigand. Your bite misses the kobold brigand.
The kobold brigand is lightly wounded.
The kobold brigand hits you with a +2 whip of electrocution!
You barely miss the kobold brigand. Your bite misses the kobold brigand.
The kobold brigand is lightly wounded.
The kobold brigand hits you with a +2 whip of electrocution.
You are electrocuted!
* * * LOW HITPOINT WARNING * * *
You closely miss the kobold brigand.
The kobold brigand is lightly wounded.
The kobold brigand barely misses you.
You miss the kobold brigand.
The kobold brigand is lightly wounded.
The kobold brigand splashes around in the water.
It was a potion of curing.
You feel better.
The kobold brigand hits you with a +2 whip of electrocution.
* * * LOW HITPOINT WARNING * * *
You are electrocuted!
You die...

#.≈≈≈.#####≈≈≈≈≈#
#####.≈≈≈.#
#≈..≈## ##≈≈≈≈#
####### #≈≈≈##
##≈≈.# #.≈≈#
#≈≈≈# #.≈.# #..≈#
#≈≈≈## ##≈≈≈##
≈≈.≈≈# #≈≈≈..#
.###≈# #≈###≈# ≈#
#≈# #≈ #@#
†###≈## #≈ #K#
.≈#≈..# .≈ #≈≈≈#
#≈#)#†# ≈ #≈#≈#
#)#≈#≈# #≈ ≈#
#≈#≈#≈# #≈ ≈#
#.#.#.# ∆#? .#
####### ## ##


You could see a kobold brigand.

Vanquished Creatures
  A sky beast (D:3)
  An ogre (D:3)
  5 kobold brigands (Sewer)
  A howler monkey (D:3)
  A hound (D:3)
  2 gnoll shamans (D:3)
  15 gnolls (D:3)
  8 adders
  2 river rats (Sewer)
  An ufetubus (D:4)
  An adder skeleton (D:4)
  5 worms
  2 dart slugs
  22 orcs (D:3)
  6 bats
  3 endoplasms
  3 giant cockroaches
  12 goblins
  6 hobgoblins
  14 jackals
  A quokka (D:1)
  3 ball pythons
  7 frilled lizards (D:1)
  15 kobolds
  10 rats
147 creatures vanquished.

Vanquished Creatures (others)
  An orc wizard (D:3)
  11 plants
12 creatures vanquished.

Grand Total: 159 creatures vanquished

Notes
Turn   | Place    | Note
-------+----------+-------------------------------------------
     0 | D:1      | gruber the Gnoll Hunter began the quest for the Orb.
     0 | D:1      | Reached XP level 1. HP: 20/20 MP: 1/1
    98 | D:1      | Found Nomiumu's Jewellery Shoppe.
   304 | D:1      | Reached XP level 2. HP: 25/26 MP: 2/2
   686 | D:1      | Found Viploawk's Distillery.
   800 | D:1      | Found a faded altar of an unknown god.
   927 | D:1      | Reached XP level 3. HP: 31/31 MP: 3/3
  1626 | D:1      | Reached skill level 1 in Invocations
  2301 | D:2      | Reached skill level 1 in Short Blades
  2301 | D:2      | Reached skill level 1 in Long Blades
  2301 | D:2      | Reached skill level 1 in Axes
  2301 | D:2      | Reached skill level 1 in Maces & Flails
  2301 | D:2      | Reached skill level 1 in Polearms
  2301 | D:2      | Reached skill level 1 in Staves
  2301 | D:2      | Reached skill level 1 in Slings
  2301 | D:2      | Reached skill level 1 in Bows
  2301 | D:2      | Reached skill level 1 in Throwing
  2301 | D:2      | Reached skill level 1 in Armour
  2301 | D:2      | Reached skill level 1 in Shields
  2301 | D:2      | Reached skill level 1 in Unarmed Combat
  2301 | D:2      | Reached skill level 1 in Spellcasting
  2301 | D:2      | Reached skill level 1 in Evocations
  2322 | D:2      | Reached XP level 4. HP: 38/38 MP: 5/5
  3115 | D:3      | Found a shimmering blue altar of Sif Muna.
  3613 | D:3      | Reached skill level 1 in Conjurations
  3613 | D:3      | Reached skill level 1 in Hexes
  3613 | D:3      | Reached skill level 1 in Summonings
  3613 | D:3      | Reached skill level 1 in Necromancy
  3613 | D:3      | Reached skill level 1 in Translocations
  3613 | D:3      | Reached skill level 1 in Transmutations
  3613 | D:3      | Reached skill level 1 in Fire Magic
  3613 | D:3      | Reached skill level 1 in Ice Magic
  3613 | D:3      | Reached skill level 1 in Air Magic
  3613 | D:3      | Reached skill level 1 in Earth Magic
  3613 | D:3      | Reached skill level 1 in Poison Magic
  3838 | D:3      | Reached XP level 5. HP: 43/43 MP: 5/7
  4441 | D:3      | Noticed an ogre
  4456 | D:3      | Killed an ogre
  4457 | D:3      | Reached skill level 5 in Fighting
  4457 | D:3      | Reached skill level 5 in Dodging
  4457 | D:3      | Reached XP level 6. HP: 51/51 MP: 8/8
  5113 | D:3      | Noticed a sky beast
  5134 | D:3      | Killed a sky beast
  5135 | D:3      | Reached XP level 7. HP: 56/56 MP: 10/10
  6066 | D:4      | Found a glowing drain.
  6139 | Sewer    | Entered a sewer
  6370 | Sewer    | Reached skill level 9 in Crossbows
  7163 | Sewer    | Reached XP level 8. HP: 48/63 MP: 12/12
  7912 | Sewer    | HP: 3/63 [kobold brigand (16)]
  7915 | Sewer    | Slain by a kobold brigand

Illustrated notes

Levels and vault maps discovered:
D:1:      lightli_arrival_farm, layout_loops_corners,
          ebering_ecumenical_altar_rust, serial_shops, shop,
          nicolae_diamond_shop, minmay_lizard_king
D:2:      layout_basic, minmay_fountain_box
D:3:      lemuel_castle_with_subvaults [lemuel_castle_interior_original],
          layout_basic, led_sif_book
D:4:      layout_loops_ring, gup_sewer_entry_glass,
          chequers_serial_rivers_large_b
Sewer:    sewer_co_tree

Skill      XL: |  1  2  3  4  5  6  7  8 |
---------------+-------------------------+-----
Invocations    | 1 2 3 |  3.4
Short Blades   | 1 2 3 |  3.1
Long Blades    | 1 2 3 |  3.1
Axes           | 1 2 3 |  3.1
Maces & Flails | 1 2 3 |  3.1
Polearms       | 1 2 3 |  3.1
Staves         | 1 2 3 |  3.1
Slings         | 1 2 3 |  3.1
Bows           | 1 2 3 |  3.1
Throwing       | 1 2 3 |  3.1
Armour         | 1 2 3 |  3.1
Shields        | 1 2 3 |  3.1
Unarmed Combat | 1 2 3 |  3.1
Spellcasting   | 1 2 3 |  3.1
Evocations     | 1 2 3 |  3.1
Conjurations   | 1 2 |  2.5
Hexes          | 1 2 |  2.5
Summonings     | 1 2 |  2.5
Necromancy     | 1 2 |  2.5
Translocations | 1 2 |  2.5
Transmutations | 1 2 |  2.5
Fire Magic     | 1 2 |  2.5
Ice Magic      | 1 2 |  2.5
Air Magic      | 1 2 |  2.5
Earth Magic    | 1 2 |  2.5
Poison Magic   | 1 2 |  2.5
Fighting       | 5 |  5.6
Dodging        | 5 |  5.6
Stealth        | 3 4 |  4.0
Crossbows      | 9 |  9.1

Action                   |  1- 3 |  4- 6 |  7- 9 || total
-------------------------+-------+-------+-------++-------
Melee: Short sword       |   140 |    69 |    17 ||   226
       Bite              |    11 |    19 |    19 ||    49
       Lajatang          |       |    27 |       ||    27
       Falchion          |       |    71 |   212 ||   283
       Hand axe          |       |     8 |       ||     8
       Punch             |       |     1 |     1 ||     2
 Fire: Hand crossbow     |     7 |    61 |     9 ||    77
Throw: Dart              |       |       |    15 ||    15
  Use: Potion            |       |       |     1 ||     1
 Stab: Sleeping          |     2 |     2 |     2 ||     6
       Distracted        |       |       |     1 ||     1
Armor: Leather armour    |    33 |    36 |    38 ||   107
Dodge: Dodged            |   109 |   126 |   140 ||   375
       Rpst.: Falchion   |       |    15 |    37 ||    52

Table legend: (Time is in decaauts)
 A = Elapsed time spent in this place.
 B = Non-inter-level travel time spent in this place.
 C = Inter-level travel time spent in this place.
 D = Time resting spent in this place.
 E = Time spent auto-exploring this place.
 F = Levels seen in this place.
 G = Mean time per level.
                   A        B        C        D        E       F      G
               +--------+--------+--------+--------+--------+-----+--------+
         Total |   8181 |   8046 |    135 |    181 |   6249 |   5 | 1636.2 |
       Dungeon |   6228 |   6093 |    135 |     26 |   4820 |   4 | 1557.0 |
         Sewer |   1953 |   1953 |      0 |    155 |   1429 |   1 | 1953.0 |
               +--------+--------+--------+--------+--------+-----+--------+

Top non-repeatable levels by time:
     D:3: 2692 daAuts
     D:1: 2002 daAuts
   Sewer: 1953 daAuts
     D:2: 1129 daAuts
     D:4: 404 daAuts
